 Dungeon Crawl Stone Soup version 0.21.1-1-g345015f (webtiles) character file.

3776 sking99 the Basher (level 9, -1/86 HPs)
             Began as a Minotaur Fighter on June 30, 2018.
             Was an Initiate of Gozag.
             Slain by a two-headed ogre
             ... wielding a +0 giant club
              (23 damage)
             ... on level 8 of the Dungeon.
             The game lasted 00:15:29 (7915 turns).

sking99 the Basher (Minotaur Fighter)               Turns: 7915, Time: 00:15:30

Health: -1/86      AC: 14    Str: 21    XL:     9   Next: 95%
Magic:  8/8        EV:  4    Int:  5    God:    Gozag
Gold:   736        SH:  9    Dex: 13    Spells: 8/8 levels left

rFire    . . .     SeeInvis .   a - +1 flail
rCold    . . .     Gourm    +   c - +0 shield
rNeg     . . .     Faith    .   h - +2 plate armour
rPois    .         Spirit   .   (helmet restricted)
rElec    .         Reflect  .   (no cloak)
rCorr    .         Harm     .   (no gloves)
MR       +....                  y - +0 pair of boots
Stlth    ..........             u - amulet of the gourmand
HPRegen  0.24/turn              o - ring of wizardry
MPRegen  0.11/turn              j - ring of protection from magic

@: gold aura, very slightly contaminated, invisible
A: retaliatory headbutt, horns 2
a: Potion Petition, Call Merchant, Bribe Branch, Renounce Religion


You were on level 8 of the Dungeon.
You worshipped Gozag.
Gozag was pleased with you.
You were very hungry.

You visited 2 branches of the dungeon, and saw 9 of its levels.
You also visited: Sewer.

You collected 795 gold pieces.
You paid 59 gold pieces to Gozag.

Inventory:

Hand Weapons
 a - a +1 flail (weapon)
Armour
 b - a +0 scale mail
 c - a +0 shield (worn)
 h - a +2 plate armour (worn)
 y - a +0 pair of boots (worn)
Jewellery
 j - a ring of protection from magic (right hand)
 o - a ring of wizardry (left hand)
 u - an amulet of the gourmand (around neck)
 K - a +2 ring of protection {unknown}
Wands
 C - a wand of paralysis (9)
 E - a wand of flame (31)
 F - a wand of disintegration (20)
 H - a wand of random effects (30)
Scrolls
 i - 6 scrolls of identify
 l - 4 scrolls of remove curse
 q - 2 scrolls of teleportation
 s - 3 scrolls of blinking
 w - 2 scrolls of enchant armour
 A - 2 scrolls of vulnerability {unknown}
 D - a scroll of immolation {unknown}
 I - a scroll of fear {unknown}
Potions
 d - a potion of might
 e - a potion of lignification {unknown}
 m - a potion of ambrosia
 n - 2 potions of brilliance
 p - a potion of berserk rage
 r - a potion of degeneration {unknown}
 t - 2 potions of curing
 v - 2 potions of haste
 x - 4 potions of heal wounds {unknown}
 z - a potion of agility {unknown}
 B - 2 potions of resistance {unknown}
 J - a potion of flight {unknown}
Books
 g - a book of Maledictions

   Spells                             Type                      Level
   a - Corona                         Hexes                        1
   b - Ensorcelled Hibernation        Hexes/Ice                    2
   c - Confuse                        Hexes                        3
   d - Tukima's Dance                 Hexes                        3
   e - Dazzling Spray                 Conjuration/Hexes            3
 G - a book of Geomancy

   Spells                             Type                      Level
   a - Sandblast                      Earth                        1
   b - Passwall                       Transmutation/Earth          2
   c - Stone Arrow                    Conjuration/Earth            3
   d - Petrify                        Transmutation/Earth          4
   e - Lee's Rapid Deconstruction     Earth                        5
Comestibles
 f - 15 rations


   Skills:
 + Level 10.4 Fighting
 * Level 13.5 Maces & Flails
 - Level 3.6 Armour
 - Level 3.7 Shields


You had 8 spell levels left.
You didn't know any spells.

Dungeon Overview and Level Annotations

Branches:
Dungeon (8/15)             Temple (1/1) D:7
   Lair: D:8-11

Altars:
Ashenzari
Cheibriados
Dithmenos
Elyvilon
Gozag
Hepliaklqana
Kikubaaqudgha
Makhleb
Nemelex Xobeh
Okawaru
Qazlal
Ru
Sif Muna
Trog
Uskayaw
Vehumet
Wu Jian
Xom
Yredelemnul
Zin
The Shining One

Annotations:
D:3 exclusion: door


Innate Abilities, Weirdness & Mutations

You reflexively headbutt those who attack you in melee.
You have a pair of horns on your head.


Message History

Okay, then.
You fade into invisibility!
You are very lightly contaminated with residual magic.
You sock the two-headed ogre! You headbutt the two-headed ogre!
The two-headed ogre is moderately wounded.
The two-headed ogre barely misses you. x2
You hit the two-headed ogre. You headbutt the two-headed ogre.
The two-headed ogre is heavily wounded.
Your shield and plate armour prevent you from hitting the two-headed ogre.
The two-headed ogre is heavily wounded.
The two-headed ogre hits you with a giant club!
* * * LOW HITPOINT WARNING * * *
The two-headed ogre hits you with a giant club.
* * * LOW HITPOINT WARNING * * *
Your plate armour prevents you from hitting the two-headed ogre.
You headbutt the two-headed ogre!
The two-headed ogre is heavily wounded.
The two-headed ogre hits you with a giant club!!
You die...
Your body crumbles into a pile of gold.

#.####.....##........#
#.........))<........#
#.####.....##........#
#.# ########........# #.#
###.###### #.# #.# #.#
#<#
##.######################
#.......@O...$..........)
#########################


You could see a two-headed ogre.

Vanquished Creatures
  A two-headed ogre (D:8)
  The ghost of Recruiting the Fighter, a novice HOFi of Okawaru (D:7)
  Purgy (Sewer)
  3 ice beasts
  A hornet zombie (D:8)
  An ogre (D:8)
  A centaur (D:8)
  A big kobold (D:8)
  3 bullfrogs
  6 killer bees (D:8)
  5 wights (D:8)
  A howler monkey (D:6)
  3 crimson imps
  2 centaur zombies (D:8)
  A bullfrog skeleton (D:8)
  2 orc priests
  4 hounds
  A jelly (D:7)
  2 centaur skeletons
  5 orc wizards
  5 iguanas
  6 worker ants
  A hound zombie (D:8)
  A hound skeleton (D:7)
  A worker ant zombie (D:6)
  8 adders
  An ooze (D:6)
  An adder zombie (D:7)
  2 adder skeletons
  5 worms
  2 dart slugs
  3 leopard geckos
  25 orcs
  2 giant cockroaches
  5 goblins
  14 hobgoblins
  6 jackals
  6 quokkas
  2 ball pythons
  11 bats
  7 frilled lizards
  10 kobolds
  A quokka skeleton (D:5)
  A quokka zombie (D:6)
  11 rats
182 creatures vanquished.

Notes
Turn   | Place    | Note
-------+----------+-------------------------------------------
     0 | D:1      | sking99 the Minotaur Fighter began the quest for the Orb.
     0 | D:1      | Reached XP level 1. HP: 19/19 MP: 0/0
   324 | D:1      | Reached skill level 3 in Maces & Flails
   324 | D:1      | Reached XP level 2. HP: 27/27 MP: 1/1
  1231 | D:2      | Reached XP level 3. HP: 33/33 MP: 2/2
  1486 | D:2      | Reached skill level 4 in Maces & Flails
  1614 | D:2      | Reached XP level 4. HP: 41/41 MP: 3/3
  2011 | D:3      | Found a deep blue altar of Sif Muna.
  2296 | D:3      | Reached skill level 5 in Maces & Flails
  2696 | D:4      | Reached XP level 5. HP: 47/47 MP: 4/4
  2718 | D:4      | Reached skill level 5 in Fighting
  3025 | D:4      | Found a hide-covered altar of Uskayaw.
  3192 | D:4      | Reached skill level 6 in Maces & Flails
  3425 | D:4      | Reached XP level 6. HP: 52/56 MP: 5/5
  4105 | D:5      | Entered Level 5 of the Dungeon
  4164 | D:5      | Reached skill level 7 in Maces & Flails
  4167 | D:5      | Found a hazy altar of Hepliaklqana.
  4223 | D:5      | Noticed an ice beast
  4231 | D:5      | Killed an ice beast
  4231 | D:5      | Reached XP level 7. HP: 63/63 MP: 6/6
  4418 | D:5      | Reached skill level 8 in Maces & Flails
  4484 | D:5      | Found a glowing drain.
  4498 | Sewer    | Entered a sewer
  4631 | Sewer    | Noticed Purgy
  4640 | Sewer    | Killed Purgy
  4768 | D:5      | Found an opulent altar of Gozag.
  4784 | D:5      | Became a worshipper of Gozag Ym Sagoz the Greedy
  5045 | D:5      | Found a shimmering altar of Xom.
  5267 | D:6      | Reached skill level 9 in Maces & Flails
  5682 | D:6      | Reached XP level 8. HP: 70/73 MP: 7/7
  5889 | D:6      | Reached skill level 10 in Maces & Flails
  6330 | D:7      | Noticed Recruiting's ghost (novice HOFi)
  6354 | D:7      | Killed Recruiting's ghost
  6354 | D:7      | Reached skill level 11 in Maces & Flails
  6513 | D:7      | Reached XP level 9. HP: 82/82 MP: 8/8
  6625 | D:7      | Found a staircase to the Ecumenical Temple.
  6641 | D:7      | Found a basalt altar of Yredelemnul.
  6660 | Temple   | Entered the Ecumenical Temple
  6886 | D:7      | Found a stormy altar of Qazlal.
  6969 | D:8      | Reached skill level 12 in Maces & Flails
  7149 | D:8      | Noticed a two-headed ogre
  7154 | D:8      | Noticed a two-headed ogre
  7733 | D:8      | Killed a two-headed ogre
  7733 | D:8      | Reached skill level 10 in Fighting
  7733 | D:8      | Reached skill level 13 in Maces & Flails
  7915 | D:8      | Slain by a two-headed ogre

Skill      XL: |  1  2  3  4  5  6  7  8  9 |
---------------+----------------------------+-----
Maces & Flails | 3 4 5 6 7 9 11 13 | 13.5
Fighting       | 4 5 6 7 8 10 | 10.4
Armour         | |  3.6
Shields        | |  3.7

Action                   |  1- 3 |  4- 6 |  7- 9 || total
-------------------------+-------+-------+-------++-------
Melee: Flail             |    93 |   225 |   322 ||   640
       Headbutt          |    14 |    23 |    76 ||   113
Invok: Potion Petition   |       |       |     1 ||     1
  Use: Scroll            |       |    15 |     1 ||    16
       Potion            |       |     1 |     2 ||     3
 Stab: Distracted        |       |       |     3 ||     3
  Eat: Chunk             |     2 |    19 |     2 ||    23
Armor: Plate armour      |    56 |   144 |   189 ||   389
       Scale mail        |     2 |       |       ||     2
Dodge: Dodged            |    14 |    36 |    49 ||    99
Block: Shield            |    42 |    91 |   158 ||   291
